AoeStats
← AmbassadorKaifa

Arena

509378267Analyzed
4v4 RM · 6d ago on Sep 26, 2026· 40m 3s· 8 players
Game mode
Random Map
Map size
Large (8 player)
Population
200
Speed
Normal
Resources
Standard
Victory
Conquest
Starting age
Dark Age
Ending age
Imperial Age
RankedLock teamsTeams togetherTeam positionsShared explorationLock speedFull tech treeHidden civsTurbo modeCheats
Victory
Defeat
🇷🇺 Saxons · Russia
1041
+14
🇭🇰 Khmer · Hong Kong SAR China
990
+16
🇨🇭 Poles · Switzerland
977
+17
🇦🇹 Inca · Austria
950
+18
🇬🇧 Britons · United Kingdom
1042
-18
🇨🇳 Khitans · China
1006
-17
🇦🇷 Vietnamese · Argentina
963
-15
🇵🇪 Franks · Peru
958
-15
tiagosacadura
12:00 Feudal Age
14:41 Castle Age
12:31 Double-Bit Axe
12:30 Horse Collar
20:13 Heavy Plow
21:00 Wheelbarrow
21:48 Gold Mining
24:04 Hand Cart
23:52 Stone Mining
24:58 Gold Shaft Mining
24:53 Fletching
26:18 Bow Saw
27:33 Stone Shaft Mining
30:41 Imperial Age
28:32 Scale Barding Armor
28:45 Bloodlines
29:22 Bodkin Arrow
29:39 Forging
31:44 Ballistics
31:07 Elite Ballista Elephant
32:10 Conscription
33:15 Double Crossbow
34:13 Light Cavalry
35:23 Hussar
36:42 Husbandry
Bantum
3:18 Loom
10:31 Feudal Age
11:04 Double-Bit Axe
15:50 Castle Age
14:14 Gold Mining
18:35 Stone Mining
19:02 Bow Saw
19:31 Gold Shaft Mining
25:15 Wheelbarrow
24:19 Champi Runner
26:19 Horse Collar
27:51 Hand Cart
30:42 Imperial Age
28:05 Champi Warrior
28:57 Squires
28:59 Scale Mail Armor
29:09 Forging
30:58 Chain Mail Armor
30:53 Elite Champi Warrior
32:25 Conscription
32:54 Plate Mail Armor
33:29 Iron Casting
33:32 Heavy Plow
34:10 Fabric Shields
36:30 Blast Furnace
ALDANDRONAN
1:29 Loom
10:43 Feudal Age
11:26 Town Watch
16:10 Castle Age
14:18 Horse Collar
15:08 Double-Bit Axe
23:37 Wheelbarrow
23:41 Fletching
24:28 Gold Mining
25:05 Bow Saw
25:49 Stone Mining
26:17 Heavy Plow
27:03 Hand Cart
27:17 Forging
27:09 Scale Mail Armor
27:16 Scale Barding Armor
30:06 Imperial Age
28:56 Ballistics
28:40 Bodkin Arrow
28:33 Arson
28:49 Squires
29:41 Chain Mail Armor
30:02 Iron Casting
29:48 Masonry
31:55 Chemistry
30:56 Treadmill Crane
31:40 Conscription
32:19 Plate Mail Armor
33:46 Blast Furnace
33:08 Murder Holes
33:27 Padded Archer Armor
33:55 Guard Tower
33:50 Arrowslits
34:32 Man-at-Arms
36:53 Town Patrol
38:06 Fortified Wall
39:01 Chain Barding Armor
38:57 Leather Archer Armor
38:43 Bracer
39:05 Siege Engineers
39:37 Husbandry
39:48 Bloodlines
38:59 Light Cavalry
39:34 Long Swordsman
AmbassadorKaifa
10:40 Feudal Age
12:30 Double-Bit Axe
13:17 Loom
15:52 Castle Age
13:34 Horse Collar
15:03 Fletching
15:08 Gold Mining
15:09 Stone Mining
16:58 Wheelbarrow
17:45 Bodkin Arrow
25:08 Heavy Plow
26:51 Bow Saw
27:18 Gold Shaft Mining
27:53 Scale Mail Armor
33:08 Imperial Age
31:22 Chain Mail Armor
31:18 Squires
33:04 Hand Cart
32:35 Town Watch
33:05 Forging
32:42 Pikeman
33:24 Shield Wall
35:38 Plate Mail Armor
34:30 Elite Skirmisher
36:00 Thumb Ring
36:18 Conscription
37:09 Two-Man Saw
36:40 Crop Rotation
37:02 Bracer
37:05 Padded Archer Armor
37:31 Ballistics
38:11 Chemistry
37:16 Siege Engineers
37:21 Cranequins
38:34 Husbandry
38:46 Bloodlines
38:53 Leather Archer Armor
39:15 Iron Casting
39:45 Chemistry
39:41 Heavy Mounted Crossbowman
Donelson
10:11 Feudal Age
8:41 Loom
15:40 Castle Age
13:56 Double-Bit Axe
15:59 Crossbowman
16:53 Gold Mining
17:55 Fletching
20:57 Town Watch
23:40 Horse Collar
25:47 Ballistics
25:56 Bodkin Arrow
28:00 Wheelbarrow
27:32 Heavy Plow
28:46 Bow Saw
30:35 Yeomen
31:08 Town Patrol
35:47 Imperial Age
35:06 Murder Holes
36:06 Arbalester
38:07 Conscription
38:51 Bracer
38:51 Padded Archer Armor
Gerar1309
0:32 Loom
11:02 Feudal Age
20:08 Castle Age
18:28 Fletching
19:43 Padded Archer Armor
22:35 Stone Mining
29:04 Double-Bit Axe
32:34 Imperial Age
30:34 Gold Mining
30:40 Ordonnance Companies
31:26 Bodkin Arrow
31:16 Treadmill Crane
32:19 Ballistics
32:12 Husbandry
32:34 Leather Archer Armor
33:25 Wheelbarrow
32:37 Town Watch
33:08 Bow Saw
32:44 Cranequins
34:02 Conscription
35:02 Chemistry
35:03 Gold Shaft Mining
36:52 Heavy Mounted Crossbowman
38:42 Hoardings
38:25 Fortified Wall
39:44 Forging
39:34 Scale Mail Armor
Aya
11:28 Feudal Age
12:36 Double-Bit Axe
12:46 Domestication
15:12 Castle Age
15:09 Wheelbarrow
16:55 Bow Saw
20:37 Wheelbarrow
20:18 Pastoralism
21:48 Stone Mining
24:02 Stone Shaft Mining
23:17 Gold Mining
24:24 Hand Cart
25:26 Loom
27:09 Forging
26:59 Scale Mail Armor
30:08 Imperial Age
27:46 Squires
27:06 Pikeman
27:33 Gambesons
27:35 Arson
28:36 Lamellar Armor
29:15 Chain Mail Armor
29:35 Iron Casting
29:09 Fletching
29:09 Treadmill Crane
32:06 Conscription
31:41 Capped Ram
31:43 Elite Liao Dao
33:03 Plate Mail Armor
33:41 Two-Man Saw
33:15 Transhumance
33:11 Siege Ram
37:17 Heavy Rocket Cart
elfacusf
11:15 Feudal Age
15:10 Castle Age
15:53 Double-Bit Axe
15:50 Horse Collar
16:45 Loom
17:22 Bow Saw
21:27 Wheelbarrow
22:04 Gold Mining
23:10 Scale Mail Armor
24:33 Hand Cart
24:09 Town Watch
24:26 Heavy Plow
24:41 Arson
24:59 Squires
26:24 Forging
26:25 Town Patrol
28:05 Chain Mail Armor
28:26 Iron Casting
27:43 Fletching
27:57 Stone Mining
30:33 Stone Shaft Mining
32:43 Imperial Age
29:44 Elite Skirmisher
30:47 Bodkin Arrow
30:53 Padded Archer Armor
32:10 Ballistics
31:46 Murder Holes
32:02 Fortified Wall
32:02 Masonry
33:02 Leather Archer Armor
33:29 Arson
36:57 Paper Money
37:51 Chemistry
39:45 Two-Man Saw
38:54 Elite Fire Lancer
Connection lost

Rejoining the realm…

Still unreachable

The connection could not be restored.

Session expired

The server has moved on; the page needs a fresh start.